 Dungeon Crawl Stone Soup version 0.29-a0-275-g389c0b56f3 (webtiles) character file.

Game seed: 11937472680475034328

23 spaghetti the Caller (level 2, -3/19 HPs)
             Began as a Demonspawn Summoner on Mar 10, 2022.
             Slain by an iguana (8 damage)
             ... on level 2 of the Dungeon.
             The game lasted 00:01:37 (905 turns).

spaghetti the Caller (Demonspawn Summoner)           Turns: 905, Time: 00:01:38

Health: -3/19      AC:  5    Str:  8    XL:     2   Next: 75%
Magic:  5/5        EV: 12    Int: 16    God:
Gold:   75         SH:  0    Dex: 13    Spells: 4/5 levels left

rFire   . . .      SeeInvis .   g - +0 short sword {short}
rCold   . . .      Faith    .   (no shield)
rNeg    . . .      Spirit   .   a - +0 robe
rPois   .          Reflect  .   (no helmet)
rElec   .          Harm     .   i - +2 cloak
rCorr   .          Rampage  .   (no gloves)
Will    .....                   (no boots)
Stlth   ++........              (no amulet)
HPRegen 0.06/turn               (no ring)
MPRegen 0.09/turn               (no ring)

@: no status effects
A: demonic touch 1
a: no special abilities


You were on level 2 of the Dungeon.
You visited 1 branch of the dungeon, and saw 2 of its levels.

You collected 75 gold pieces.


Innate Abilities, Weirdness & Mutations

Your touch may inflict minor irresistible damage on your foes.


   Skills:
 - Level 1.7 Dodging
 - Level 1.7 Stealth
 - Level 2.0 Spellcasting
 + Level 4.9 Summonings


You had 4 spell levels left.
You knew the following spells:

 Your Spells              Type           Power      Damage    Failure   Level
a - Summon Small Mammal   Summ           68%        N/A       2%          1

Your spell library contained the following spells:

 Spells                   Type           Power      Damage    Failure   Level
 Call Imp                 Summ           17%        N/A       4%          2
 Call Canine Familiar     Summ           17%        N/A       9%          3
 Summon Guardian Golem    Hex/Summ       9%         N/A       22%         3
 Summon Lightning Spire   Summ/Air       9%         N/A       58%         4

Inventory:

Hand Weapons
 f - a +0 short sword {short}
   (You found it on level 1 of the Dungeon)
 g - a +0 short sword (weapon) {short}
   (You took it off a kobold on level 1 of the Dungeon)
Missiles
 h - 5 stones {throwing}
 j - 5 boomerangs {throwing}
Armour
 a - a +0 robe (worn)
 i - a +2 cloak (worn)
   (You found it on level 1 of the Dungeon)
Scrolls
 c - 2 scrolls of teleportation {unknown}
 d - a scroll of enchant weapon {unknown}
 e - a scroll of identify {unknown}
 k - a scroll of blinking {unknown}
 l - a scroll of noise {unknown}
 m - a scroll of immolation {!r!r}
Potions
 b - a potion of magic

Dungeon Overview and Level Annotations

Branches:
Dungeon (2/15)

Altars:

Shops:
D:1

[ ....# #.........#
....#######.........###
...<[.................
....###).##.........##
....#
##.##..........### .
....#
#.......>........(.
##### ######.[..####
... ........##.# .)..
......####@## .....
..........lJ##......
.......####.........
.................>..
.... #.##...........
.... #..#.###.....
......# ##.## #....###
# ....#


You could see an iguana and an endoplasm.


Message History

You kill the bat!
You see here a bat corpse.
Key pressed, stopping explore.
Key pressed, stopping explore.
A frilled lizard comes into view.
Casting: Summon Small Mammal (safe; 3% risk of failure)
Press: ? - help, Q - select action, (/) - cycle Dir - look around, f - activate 😎 MP[-1]
You lost 1 mp, and now have 4/5 mp.
Casting: Summon Small Mammal (safe; 3% risk of failure)
Press: ? - help, Q - select action, (/) - cycle Dir - look around, f - activate 😎 MP[-1]
You lost 1 mp, and now have 3/5 mp.
A kobold comes into view. It is wielding a +0 short sword.
The helpless frilled lizard fails to defend itself.
You puncture the frilled lizard!
You kill the frilled lizard!
Found a scroll of immolation.
Found a faded altar of an unknown god.
You see here a frilled lizard corpse.
You swap places.
The kobold closely misses you.
You barely miss the kobold.
Your quokka bites the kobold.
The kobold hits you but does no damage.
You closely miss the kobold.
Your quokka bites the kobold.
The kobold dies!
Your rat disappears in a puff of smoke!
You see here a +0 short sword {short}.
m - a scroll of immolation {!r!r}
There is a faded altar of an unknown god here. 😎 MP[+2]
Your mp is fully restored (5).
You swap places.
An endoplasm comes into view.
An endoplasm is nearby!
An endoplasm is nearby!
The endoplasm quivers.
You hit the endoplasm. The endoplasm freezes you.
You are frozen.
Your quokka bites the endoplasm.
The endoplasm dies! 😕 HP[-3]
You take 3 damage, and now have 16/19 hp.
Your quokka disappears in a puff of smoke!
Found a stone staircase leading down. 😎 HP[+3]
Your hp is fully restored (19).
You open the door.
Found Yruris's Antique Armour Boutique.
There is an open door here.
There is an entrance to Yruris's Antique Armour Boutique here.
You can access your shopping list by pressing '$'.
There is an open door here.
Key pressed, stopping explore.
Key pressed, stopping explore.
Done exploring.
Done exploring.
(D) Dungeon
Where to? (? - help)
There is a stone staircase leading down here.
You climb downwards.
There is a stone staircase leading up here.
Unknown command.
Unknown command.
You see here a +0 leather armour.
You see here a +0 hand axe {axe}.
Found a stone staircase leading down.
You see here a +0 ring mail.
Key pressed, stopping explore.
An endoplasm comes into view.
An endoplasm is nearby!
No target in range!
Found an escape hatch in the floor.
The endoplasm quivers.
An iguana comes into view.
The iguana hisses angrily.
The endoplasm jiggles.
The endoplasm freezes you.
You are frozen. 😮 HP[-5]
You take 5 damage, and now have 14/19 hp.
MASSIVE DAMAGE!! (PAUSE)
You barely miss the endoplasm. Your touch misses the endoplasm.
The iguana barely misses you. The endoplasm freezes you.
You are frozen. 😮 HP[-3]
You take 3 damage, and now have 11/19 hp.
You hit the endoplasm but do no damage. The iguana closely misses you.
The endoplasm barely misses you.
Unknown command.
You hit the endoplasm.
You touch the endoplasm.
The iguana bites you.
* * * LOW HITPOINT WARNING * * *
The endoplasm hits you but does no damage. 😨 HP[-6]
You take 6 damage, and now have 5/19 hp.
MASSIVE DAMAGE!! (PAUSE)
The endoplasm attacks as you move away! The endoplasm closely misses you.
The iguana attacks as you move away! The iguana closely misses you.
Okay, then.
The iguana attacks as you move away! The iguana bites you!
You die...

Action                   || total
-------------------------++-------
Melee: Short sword       ||    24
       Unarmed           ||     5
       Touch             ||     4
 Cast: Summon Small Mamm ||    17
 Stab: Distracted        ||     1
       Sleeping          ||     1
Armor: Robe              ||     9
Dodge: Dodged            ||    18

Levels and vault maps discovered:
D:1:      psy_arrival_dodecagon, layout_rooms, serial_shops,
          nicolae_shop_window_shopping, hellmonk_ecumenical_altar_blasted,
          hangedman_decor_growths, minmay_cupped
D:2:      layout_rooms, basic_altar, minivault_27, uniq_natasha,
          uniq_crazy_yiuf_cottage

Notes
Turn   | Place    | Note
-------+----------+-------------------------------------------
     0 | D:1      | spaghetti the Demonspawn Summoner began the quest for the
                  | Orb.
     0 | D:1      | Reached XP level 1. HP: 13/13 MP: 3/3
     0 | D:1      | magus.rc [v1.9.6]
   320 | D:1      | Gained mutation: Your touch may inflict minor irresistible
                  | damage on your foes. [demonic ancestry]
   320 | D:1      | Reached XP level 2. HP: 17/19 MP: 3/5
   654 | D:1      | Found a faded altar of an unknown god.
   760 | D:1      | Found Yruris's Antique Armour Boutique.
   905 | D:2      | Slain by an iguana

Vanquished Creatures
  A ball python (D:1)
  A giant cockroach (D:1)
  3 hobgoblins (D:1)
  2 bats (D:1)
  A frilled lizard (D:1)
8 creatures vanquished.

Vanquished Creatures (collateral kills)
  A bat (D:1)
  2 endoplasms (D:1)
  2 goblins (D:1)
  2 hobgoblins (D:1)
  2 kobolds (D:1)
  A ball python (D:1)
  A rat (D:1)
11 creatures vanquished.

Grand Total: 19 creatures vanquished

Table legend:
 A = Non-vault XP
 B = Vault XP
 C = Vault XP percentage of total XP
 D = Non-vault monster count
 E = Vault monster count
 F = Vault count percentage of total count
                 A         B        C        D         E       F
            +---------+---------+-------+---------+---------+-------
      Total |      28 |       6 |  17.6 |      15 |       4 |  21.1
            +---------+---------+-------+---------+---------+-------
        D:1 |      28 |       6 |  17.6 |      15 |       4 |  21.1
            +---------+---------+-------+---------+---------+-------

Illustrated notes

Table legend:
 A = Kills in this place as a percentage of kills in entire the game.
 B = Kills by you in this place as a percentage of kills by you in the entire game.
 C = Kills by friends in this place as a percentage of kills by friends in the entire game.
 D = Other kills in this place as a percentage of other kills in the entire game.
 E = Experience gained in this place as a percentage of experience gained in the entire game.
 F = Experience gained in this place divided by the number of levels of this place that you have seen.
                   A       B       C       D       E      F
               +-------+-------+-------+-------+-------+----------------------
         Total | 100.0 | 100.0 | 100.0 |   N/A | 100.0 |  17.0
       Dungeon | 100.0 | 100.0 | 100.0 |   N/A | 100.0 |  17.0
               +-------+-------+-------+-------+-------+----------------------

Table legend: (Time is in decaauts)
 A = Elapsed time spent in this place.
 B = Non-inter-level travel time spent in this place.
 C = Inter-level travel time spent in this place.
 D = Time resting spent in this place.
 E = Time spent auto-exploring this place.
 F = Levels seen in this place.
 G = Mean time per level.
                   A        B        C        D        E       F      G
               +--------+--------+--------+--------+--------+-----+--------+
         Total |    906 |    875 |     31 |     40 |    673 |   2 |  453.0 |
       Dungeon |    906 |    875 |     31 |     40 |    673 |   2 |  453.0 |
               +--------+--------+--------+--------+--------+-----+--------+

Top non-repeatable levels by time:
     D:1: 877 daAuts
     D:2: 29 daAuts
